 Dungeon Crawl Stone Soup version 0.20-a0-736-gd3249da (webtiles) character file.

566 KrozogBurug the Conjurer (level 7, -1/59 HPs)
             Began as an Ogre Wizard on Feb 23, 2017.
             Slain by an orc wizard
             ... wielding a +0 dagger
              (5 damage)
             ... on level 4 of the Dungeon.
             The game lasted 00:16:32 (6650 turns).

KrozogBurug the Conjurer (Ogre Wizard)              Turns: 6650, Time: 00:16:33

Health: -1/59      AC:  4    Str: 17    XL:     7   Next: 32%
Magic:  3/14       EV: 10    Int: 21    God:
Gold:   121        SH:  0    Dex:  7    Spells: 6/15 levels left

rFire    . . .     SeeInvis .   t - +1 flail (holy)
rCold    . . .     Gourm    .   a - +0 robe
rNeg     . . .     Faith    .   (no shield)
rPois    .         Spirit   .   b - +0 hat
rElec    .         Reflect  .   m - +0 cloak
rCorr    .         Harm     .   (gloves unavailable)
MR       .....                  (boots unavailable)
Stlth    +.........             (no amulet)
Regen    0.2/turn               (no ring)
MPRegen  0.2/turn               n - +5 ring of strength

@: confused
A: unfitting armour, tough skin 1
a: no special abilities


You were on level 4 of the Dungeon.
You were not hungry.

You visited 1 branch of the dungeon, and saw 4 of its levels.

You collected 121 gold pieces.

Inventory:

Hand Weapons
 s - a +0 giant spiked club
 t - a +1 flail of holy wrath (weapon)
Armour
 a - a +0 robe (worn)
 b - a +0 hat (worn)
 m - a +0 cloak (worn)
 w - a +0 large shield
Jewellery
 n - a +5 ring of strength (left hand)
Scrolls
 e - a scroll of amnesia {unknown}
 f - a scroll of enchant weapon {unknown}
 g - a scroll of remove curse
 i - a scroll of identify {unknown}
 q - a scroll of recharging
 u - a scroll of enchant armour {unknown}
 v - 2 scrolls of random uselessness {unknown}
 y - a scroll of teleportation
Potions
 j - a potion of brilliance {unknown}
Books
 c - a book of Minor Magic

   Spells                             Type                      Level
   a - Magic Dart                     Conjuration                  1
   b - Blink                          Translocation                2
   c - Call Imp                       Summoning                    2
   d - Slow                           Hexes                        2
   e - Conjure Flame                  Conjuration/Fire             3
   f - Mephitic Cloud                 Conjuration/Poison/Air       3
Comestibles
 d - a chunk of flesh
 k - 3 fruits
 l - 3 royal jellies
 o - a bread ration
 x - 2 meat rations


   Skills:
 - Level 1.7 Dodging
 - Level 1.4 Stealth
 + Level 4.8 Spellcasting
 - Level 5.3 Conjurations
   Level 0.8 Summonings
 - Level 0.8 Translocations
 - Level 2.2 Fire Magic
 - Level 2.0 Air Magic


You had 6 spell levels left.
You knew the following spells:

 Your Spells              Type           Power        Failure   Level  Hunger
a - Magic Dart            Conj           ####         1%          1    None
b - Blink                 Tloc           N/A          12%         2    None
c - Mephitic Cloud        Conj/Pois/Air  ###.....     14%         3    ##.....
d - Conjure Flame         Conj/Fire      ###.....     10%         3    ##.....


Dungeon Overview and Level Annotations

Branches:
Dungeon (4/15)
 Temple: D:4-7

Altars:
Ashenzari
Elyvilon
Gozag
Hepliaklqana
Kikubaaqudgha
Nemelex Xobeh


Innate Abilities, Weirdness & Mutations

You are too large for most types of armour.
You have tough skin. (AC +1)


Message History

You are more confused.
* * * LOW HITPOINT WARNING * * *
You hear some strange, mumbled words.
A puff of flame appears from out of thin air!
The puff of flame hits you!
* * * LOW HITPOINT WARNING * * *
The orc is engulfed in noxious fumes.
The orc appears confused.
The orc hits the orc but does no damage.
Unknown command.
It was a potion of cancellation.
Your magical effects are unravelling.
You feel magically purged.
Your magical contamination has completely faded away.
You are engulfed in noxious fumes.
You choke on the stench!
You are more confused.
* * * LOW HITPOINT WARNING * * *
You float gracefully downwards.
You feel a little less mighty now. Something hits you.
You die...

##### #...# #...# #...#
#############...#########
...[..oo.................
......ยง{@####....########
########.(# ####.# #####
####.# #.# #...# #....##
#.# #...# #.....#####.##
#...# #.....#......# #...#
#............# #...+
#....#.......# #...#
#..#######...# ###.#


You could see 2 orcs.

Vanquished Creatures
  Sigmund (D:2)
  An ogre (D:4)
  A crimson imp (D:3)
  2 orc wizards (D:4)
  A hound skeleton (D:3)
  7 adders
  2 oozes
  An adder skeleton (D:4)
  6 worms
  4 dart slugs
  4 leopard geckos
  13 orcs
  3 giant cockroaches
  15 goblins
  11 hobgoblins
  5 jackals (D:1)
  11 kobolds
  2 quokkas
  11 bats
  9 frilled lizards
  6 rats
116 creatures vanquished.

Vanquished Creatures (others)
  A human (D:2)
  A goblin (D:3)
2 creatures vanquished.

Grand Total: 118 creatures vanquished

Notes
Turn   | Place    | Note
-------+----------+-------------------------------------------
     0 | D:1      | KrozogBurug the Ogre Wizard began the quest for the Orb.
     0 | D:1      | Reached XP level 1. HP: 16/16 MP: 5/5
    17 | D:1      | Reached skill level 1 in Conjurations
   433 | D:1      | Reached XP level 2. HP: 24/24 MP: 0/6
   437 | D:1      | Learned a level 2 spell: Blink
   600 | D:1      | Reached skill level 2 in Conjurations
  1081 | D:1      | Reached XP level 3. HP: 27/31 MP: 8/8
  1086 | D:1      | Learned a level 3 spell: Mephitic Cloud
  1090 | D:1      | Learned a level 3 spell: Conjure Flame
  1245 | D:1      | Reached skill level 3 in Conjurations
  2009 | D:1      | Reached XP level 4. HP: 36/39 MP: 9/9
  2225 | D:2      | Noticed Sigmund
  2638 | D:2      | Found an ancient bone altar of Kikubaaqudgha.
  2639 | D:2      | Noticed a human
  2641 | D:2      | Killed a human
  2691 | D:2      | Found a sparkling altar of Nemelex Xobeh.
  2844 | D:2      | Killed Sigmund
  2844 | D:2      | Reached skill level 5 in Conjurations
  2844 | D:2      | Reached XP level 5. HP: 40/45 MP: 0/10
  2844 | D:2      | Reached XP level 6. HP: 47/53 MP: 0/11
  2944 | D:2      | Found an opulent altar of Gozag.
  3061 | D:2      | Found a shattered altar of Ashenzari.
  3321 | D:2      | Found an opulent altar of Gozag.
  3488 | D:2      | Found an ancient bone altar of Kikubaaqudgha.
  3734 | D:2      | Found a shattered altar of Ashenzari.
  3923 | D:3      | Reached skill level 1 in Air Magic
  4585 | D:2      | Found an opulent altar of Gozag.
  4661 | D:2      | Found a shattered altar of Ashenzari.
  4736 | D:2      | Found a sparkling altar of Nemelex Xobeh.
  4904 | D:2      | Found an ancient bone altar of Kikubaaqudgha.
  5183 | D:3      | Found a hazy altar of Hepliaklqana.
  5197 | D:3      | Found a white marble altar of Elyvilon.
  5210 | D:3      | Reached skill level 1 in Fire Magic
  5509 | D:3      | Found a hazy altar of Hepliaklqana.
  5609 | D:3      | Found a white marble altar of Elyvilon.
  6055 | D:4      | Found a white marble altar of Elyvilon.
  6131 | D:4      | Reached XP level 7. HP: 59/59 MP: 3/12
  6650 | D:4      | Slain by an orc wizard

Vault maps used:
D:1:      dpeg_arrival_tiny_d, minmay_pentomino_w4
D:2:      old_standard_altar, old_standard_altar, nemelex_altar_shiori,
          first_bread, tgw_kikubaaqudgha, uniq_sigmund
D:3:      overflow_temple_1_default, elyvilon_altar_1
D:4:      kennysheep_ying_yang, kennysheep_flooded_box, minivault_4

Skill      XL: |  1  2  3  4  5  6  7 |
---------------+----------------------+-----
Conjurations   | 1 2 3 5 |  5.3
Air Magic      | 2 |  2.0
Fire Magic     | 2 |  2.2
Spellcasting   | 4 |  4.8
Dodging        | |  1.7
Stealth        | |  1.4
Summonings     | |  0.8
Translocations | |  0.8

Action                   |  1- 3 |  4- 6 |  7- 9 || total
-------------------------+-------+-------+-------++-------
Melee: Unarmed           |    36 |       |       ||    36
       Club              |    37 |       |       ||    37
       Short sword       |     3 |    87 |     1 ||    91
       Flail             |       |       |    18 ||    18
 Cast: Magic Dart        |    71 |   125 |    18 ||   214
       Mephitic Cloud    |       |     3 |     2 ||     5
  Use: Scroll            |       |     4 |       ||     4
       Potion            |       |       |     3 ||     3
 Stab: Sleeping          |       |     1 |       ||     1
  Eat: Chunk             |     1 |    10 |     2 ||    13
       Bread ration      |     1 |       |       ||     1
       Fruit             |       |     1 |       ||     1
Armor: Robe              |    48 |    30 |     4 ||    82
Dodge: Dodged            |    66 |    53 |    16 ||   135
